 Dungeon Crawl Stone Soup version 0.22-a0-136-g83a10e5898 (webtiles) character file.

121 MrRokkomies the Skirmisher (level 4, 0/37 HPs)
             Began as a Vampire Abyssal Knight on Feb 2, 2018.
             Was a Follower of Lugonu.
             Slain by a water moccasin (2 damage)
             ... on level 5 of the Dungeon.
             The game lasted 00:05:16 (2401 turns).

MrRokkomies the Skirmisher (Vampire Abyssal Knight) Turns: 2401, Time: 00:05:16

Health: 0/37       AC: 12    Str: 11 (12) XL:     4   Next: 76%
Magic:  5/5        EV:  2    Int: 12 (14) God:    Lugonu [*.....]
Gold:   134        SH:  0    Dex: 11 (13) Spells: 3/3 levels left

rFire    . . .     SeeInvis +   a - +1 falchion
rCold    + . .     Gourm    .   (no shield)
rNeg     + + .     Faith    .   g - +0 plate armour (curse)
rPois    +         Spirit   .   (no helmet)
rElec    .         Reflect  .   (no cloak)
rCorr    .         Harm     .   (no gloves)
MR       .....                  (no boots)
Stlth    ..........             (no amulet)
HPRegen  0.06/turn              o - +2 ring of protection
MPRegen  0.09/turn              (no ring)

@: regenerating slowly, hasted, very quick
A: fangs 3, see invisible, unbreathing
a: Bat Form, Depart the Abyss, Renounce Religion


You were on level 5 of the Dungeon.
You worshipped Lugonu.
Lugonu was aware of your devotion.
You were very thirsty.

You visited 1 branch of the dungeon, and saw 5 of its levels.
You visited the Abyss 1 time.

You collected 134 gold pieces.

Inventory:

Hand Weapons
 a - a +1 falchion (weapon)
Missiles
 b - 9 tomahawks (quivered)
Armour
 d - a +3 ring mail of fire resistance
 g - a cursed +0 plate armour (worn)
Jewellery
 o - a +2 ring of protection (left hand)
Scrolls
 f - a scroll of magic mapping
 l - a scroll of enchant armour
Potions
 c - 3 potions of blood
 e - a potion of brilliance
 i - a potion of haste
 j - a potion of flight {unknown}
 m - a potion of cancellation {unknown}


   Skills:
 * Level 4.0 Fighting
 * Level 3.8 Long Blades
 - Level 0.7 Armour
 - Level 2.1 Dodging
 - Level 1.5 Invocations


You had 3 spell levels left.
You didn't know any spells.

Dungeon Overview and Level Annotations

Branches:
Dungeon (6/15)
 Temple: D:4-7

Altars:
Xom
Yredelemnul

Annotations:
D:3 Sigmund


Innate Abilities, Weirdness & Mutations

You heal slowly.
You have razor-sharp teeth.
You have supernaturally acute eyesight. (SInv)
You can survive without breathing.


Message History

Lugonu accepts your kill.
You feel your strength returning.
Your Fighting skill increases to level 4!
The centaur shoots an arrow.
The arrow hits you but does no damage.
You closely miss the water moccasin.
The water moccasin bites you but does no damage.
You miss the water moccasin.
The water moccasin bites you but does no damage. x2
Your plate armour prevents you from hitting the water moccasin.
Your plate armour prevents you from hitting the water moccasin.
The water moccasin bites you.
* * * LOW HITPOINT WARNING * * *
Okay, then.
Unknown command.
You hit the water moccasin.
The water moccasin is moderately wounded.
You feel sick.
You are no longer poisoned.
The water moccasin bites you.
You die...

#............. .....
#............. .....
#............ #...#
#............
#...######..(..#########
.........#..((.#.......#
.........#..(((#.......#
.........#.....#.......#
...(.....#.)..cS@......#
.........#.....#.......#
###.######.....##[.....#
#.##...#......########
#......#......#
#......#....%.#
#......#......#
#......#......#
#......'......#


You could see a water moccasin and a centaur.

Vanquished Creatures
  A bullfrog skeleton (D:5)
  A worker ant (D:2)
  3 adders
  A dart slug (D:2)
  2 giant cockroaches
  4 goblins
  7 hobgoblins
  4 jackals (D:3)
  7 kobolds
  2 bats (D:2)
  2 frilled lizards
  6 rats
40 creatures vanquished.

Notes
Turn   | Place    | Note
-------+----------+-------------------------------------------
     0 | Abyss:1  | MrRokkomies the Vampire Abyssal Knight began the quest for the Orb.
     0 | Abyss:1  | Reached XP level 1. HP: 17/17 MP: 2/2
    16 | Abyss:2  | Noticed a small abomination
    20 | D:1      | Escaped the Abyss
   102 | D:1      | Reached skill level 3 in Fighting
   102 | D:1      | Reached XP level 2. HP: 22/24 MP: 3/3
   426 | D:2      | Reached * piety under Lugonu
   585 | D:2      | Reached XP level 3. HP: 26/29 MP: 4/4
  1481 | D:2      | Reached XP level 4. HP: 37/37 MP: 5/5
  1787 | D:2      | Found a basalt altar of Yredelemnul.
  2191 | D:3      | Noticed Sigmund
  2219 | D:3      | Found a shimmering altar of Xom.
  2226 | D:3      | You fall through a shaft for 3 floors!
  2314 | D:5      | Entered Level 5 of the Dungeon
  2359 | D:5      | Noticed a centaur
  2383 | D:5      | Noticed a water moccasin
  2396 | D:5      | Reached skill level 4 in Fighting
  2401 | D:5      | Slain by a water moccasin

Vault maps used:
D:1:      lightli_arrival_lavapool
D:2:      kennysheep_six_static_rooms, old_standard_altar
D:3:      evilmike_ruin_ashenzari, tgw_trog, tgw_xom, serial_co_window_serial,
          co_window_of_opportunity_a, co_window_corner_a,
          co_window_of_opportunity_a, co_window_paths_a, co_window_paths_a,
          co_window_cross_1, co_window_2corner, co_window_unsneaky_path_c,
          co_window_broadway_c, co_window_corner_b, co_window_paths_c,
          co_window_of_opportunity_b, co_window_broadway_b, glass_columns_a,
          glass_columns_b, glass_columns_b, glass_columns_b, glass_columns_c,
          first_ration, uniq_sigmund
D:5:      kb_forest_paths
D:6:      black_bear_nest_1, tso_oasis_becter, nicolae_elemental_shop

Skill      XL: |  1  2  3  4 |
---------------+-------------+-----
Fighting       | 3 4 |  4.0
Long Blades    | 3 |  3.8
Armour         | |  0.7
Dodging        | |  2.1
Invocations    | |  1.5

Action                   |  1- 3 |  4- 6 || total
-------------------------+-------+-------++-------
Melee: Falchion          |   112 |    69 ||   181
       Bite              |     8 |     1 ||     9
Invok: Depart the Abyss  |     1 |       ||     1
  Use: Scroll            |     2 |     7 ||     9
       Potion            |     3 |     4 ||     7
 Stab: Sleeping          |     1 |     1 ||     2
       Invisible         |       |     1 ||     1
  Eat: Corpse            |     1 |       ||     1
Armor: Ring mail         |    61 |    19 ||    80
       Plate armour      |       |    28 ||    28
Dodge: Dodged            |    91 |    34 ||   125
       Rpst.: Falchion   |    33 |     7 ||    40

Table legend:
 A = Spawn XP
 B = Non-spawn XP
 C = Spawn XP percentage of total XP
 D = Spawn monster count
 E = Non-spawn monster count
 F = Spawn count percentage of total count
 G = Total turns spent on level
                    A         B        C        D         E        F      G
               +---------+---------+-------+---------+---------+-------+---------
         Total |       0 |     173 |   0.0 |       0 |      40 |   0.0 |  2401
               +---------+---------+-------+---------+---------+-------+---------
           D:1 |       0 |      18 |   0.0 |       0 |      10 |   0.0 |   378
           D:2 |       0 |      86 |   0.0 |       0 |      20 |   0.0 |  1629
           D:3 |       0 |      14 |   0.0 |       0 |       8 |   0.0 |   199
           D:5 |       0 |      55 |   0.0 |       0 |       2 |   0.0 |    87
               +---------+---------+-------+---------+---------+-------+---------
